[Event "Late-Titled-Tuesday-Blitz-March-26-2024"]
[Site "Chess.com"]
[Date "2024.03.26"]
[Round "3"]
[White "ploxoi"]
[Black "manitodeplomo"]
[Result "0-1"]
[WhiteElo "2428"]
[BlackElo "2648"]
[TimeControl "180+1"]
[EndTime "14:26:33 PDT"]
[Termination "manitodeplomo won by resignation"]

1. d4 g6 2. Nf3 Bg7 3. c4 Nf6 4. g3 c5 5. Bg2 Qa5+ 6. Bd2 Qb6 7. Qc2 cxd4 8. c5 Qa6 9. Nxd4 Nc6 10. Bc3 O-O 11.
O-O Qc4 12. Nxc6 dxc6 13. b4 Nd5 14. Bxd5 cxd5 15. Rc1 d4 16. Bb2 Qxc2 17. Rxc2 Bf5 18. Rd2 e5 19. Na3 a5 20. b5 Rfc8 21. Rc1 Bh6 22.
f4 exf4 23. Rxd4 fxg3 24. Rcd1 Be3+ 25. Kg2 Bxd4 26. Rxd4 gxh2 0-1

[Event "Late-Titled-Tuesday-Blitz-March-26-2024"]
[Site "Chess.com"]
[Date "2024.03.26"]
[Round "3"]
[White "Binary010"]
[Black "dropstoneDP"]
[Result "1/2-1/2"]
[WhiteElo "2786"]
[BlackElo "3011"]
[TimeControl "180+1"]
[EndTime "14:26:34 PDT"]
[Termination "Game drawn by agreement"]

1. e4 e5 2. Nf3 Nf6 3. Nxe5 d6 4. Nf3 Nxe4 5. d4 d5 6. Bd3 Bd6 7. O-O O-O 8. c4 c6 9. Nc3 Nxc3 10. bxc3 dxc4 11. Bxc4 Bf5 12. Bg5 Qa5 13. d5 Be4 14. dxc6 Bxf3 15. Qxf3 Nxc6 16. Bd5 Ne5 17. Qe4 Rae8 18.
Rad1 Qxc3 19. Bxb7 Bc5 20. Rc1 Qd4 21. Qxd4 Bxd4 22.
Rfd1 Bb6 23. h3 h6 24. Bf4 Re7 25. Bd5 Rfe8 26. Kf1 g5 27. Bg3 Kg7 28. Bb3 f5 29.
Bxe5+ Rxe5 30. Rd7+ R8e7 31. Rxe7+ Rxe7 32. Re1 Rxe1+ 33. Kxe1 Kf6 34. Ke2 h5 1/2-1/2

[Event "Late-Titled-Tuesday-Blitz-March-26-2024"]
[Site "Chess.com"]
[Date "2024.03.26"]
[Round "3"]
[White "RichardShtivelband"]
[Black "Meri-Arabidze"]
[Result "0-1"]
[WhiteElo "2463"]
[BlackElo "2680"]
[TimeControl "180+1"]
[EndTime "14:26:39 PDT"]
[Termination "Meri-Arabidze won by resignation"]

1. d4 Nf6 2. c4 e6 3. Nc3 Bb4 4. Qc2 O-O 5. a3 Bxc3+ 6. Qxc3 b6 7. Bg5 Bb7 8. f3 d6 9. Nh3 Nbd7 10. e4 c5 11. d5 exd5 12. cxd5 h6 13. Bf4 Qe7 14.
O-O-O a6 15. Bd3 b5 16. Rhe1 c4 17. Bc2 Ne5 18. Bxe5 dxe5 19. f4 Rfe8 20. f5 Qd6 21. Nf2 a5 22. g4 Rec8 23. h4 b4 24. axb4 axb4 25. Qg3 c3 26. Nd3 Ra1+ 27. Bb1 c2 0-1

[Event "Late-Titled-Tuesday-Blitz-March-26-2024"]
[Site "Chess.com"]
[Date "2024.03.26"]
[Round "3"]
[White "subham777"]
[Black "enriquebutti"]
[Result "1-0"]
[WhiteElo "2541"]
[BlackElo "2196"]
[TimeControl "180+1"]
[EndTime "14:26:46 PDT"]
[Termination "subham777 won by resignation"]

1. e4 c5 2. Nf3 d6 3. d4 cxd4 4.
Qxd4 a6 5. Nc3 Nc6 6. Qd2 g6 7. b3 Bg4 8. Bb2 Bg7 9. O-O-O Bxf3 10. gxf3 Nf6 11. h4 Nh5 12. Be2 Nd4 13. Kb1 O-O 14.
f4 Nxe2 15. Nxe2 Bxb2 16. Kxb2 Rc8 17. Ng3 Nxg3 18. fxg3 h5 19. f5 Qc7 20. g4 hxg4 21.
h5 Qc5 22. hxg6 Qe5+ 23. Kb1 fxg6 24. fxg6 Qg7 25. Qg5 Rf6 26. Qxg4 Rcf8 27. Rdg1 Rf2 28. Qe6+ 1-0

[Event "Late-Titled-Tuesday-Blitz-March-26-2024"]
[Site "Chess.com"]
[Date "2024.03.26"]
[Round "3"]
[White "CMmauricio"]
[Black "secretsuperstar7"]
[Result "0-1"]
[WhiteElo "2760"]
[BlackElo "2512"]
[TimeControl "180+1"]
[EndTime "14:26:53 PDT"]
[Termination "secretsuperstar7 won by checkmate"]

1. e4 c5 2. Nc3 e6 3. g3 d5 4. d3 Nc6 5. Bg2 Nf6 6. f4 Be7 7.
e5 Nd7 8. Nf3 O-O 9. Ne2 f6 10.
d4 cxd4 11. Nexd4 Nxd4 12. Nxd4 Qb6 13. Nxe6 Re8 14. Bxd5 Kh8 15. Bb3 Nxe5 16. Nxg7 Bb4+ 17. c3 Nf3+ 18. Kf1 Bh3# 0-1

[Event "Late-Titled-Tuesday-Blitz-March-26-2024"]
[Site "Chess.com"]
[Date "2024.03.26"]
[Round "3"]
[White "Nf3c5"]
[Black "rezamahdavi2008"]
[Result "0-1"]
[WhiteElo "2555"]
[BlackElo "2852"]
[TimeControl "180+1"]
[EndTime "14:26:57 PDT"]
[Termination "rezamahdavi2008 won by resignation"]

1. d4 Nf6 2. Nf3 g6 3. Nbd2 d5 4. b4 Bg7 5. Bb2 O-O 6. e3 Nbd7 7. c4 c6 8. Be2 a5 9. b5 c5 10. dxc5 Nxc5 11. O-O b6 12. Rc1 Bb7 13. Ne5 Rc8 14.
Ndf3 Nfe4 15. cxd5 Qxd5 16. Qxd5 Bxd5 17. Bd4 f6 18. Nc6 Bxc6 19. bxc6 Rxc6 20. Bd3 Rd6 21. Rb1 Nxd3 22. Bxb6 Nc3 23. Rb3 Ne2+ 24. Kh1 Nxf2+ 25. Rxf2 Rd1+ 0-1

[Event "Late-Titled-Tuesday-Blitz-March-26-2024"]
[Site "Chess.com"]
[Date "2024.03.26"]
[Round "3"]
[White "whiteglovethief"]
[Black "AlexPapasimakopoulos"]
[Result "0-1"]
[WhiteElo "2490"]
[BlackElo "2739"]
[TimeControl "180+1"]
[EndTime "14:27:09 PDT"]
[Termination "AlexPapasimakopoulos won by resignation"]

1. d4 d5 2. c4 e6 3. Nf3 a6 4. g3 dxc4 5. Bg2 b5 6. O-O Bb7 7.
Qc2 Nf6 8. a4 Nbd7 9. b3 cxb3 10. Qxb3 Bd5 11. Qc2 b4 12. Bg5 Be7 13. Nbd2 O-O 14.
e4 Bb7 15. a5 h6 16. Bf4 c5 17.
dxc5 Nxc5 18. e5 Nd5 19. Nc4 Nxf4 20. gxf4 Qd3 21. Qxd3 Nxd3 22. Rfd1 Nxf4 23. Rd7 Bxf3 24. Bxf3 Rac8 25. Nb6 Rc3 26. Bb7 Bc5 27. Na4 Rc2 28. Nxc5 Rxc5 29. Bxa6 Ra8 30. Rd6 Rxe5 31. Ra4 b3 32.
Rb6 Rxa6 33. Rxf4 Rxb6 0-1

[Event "Late-Titled-Tuesday-Blitz-March-26-2024"]
[Site "Chess.com"]
[Date "2024.03.26"]
[Round "3"]
[White "NMJeevanK"]
[Black "Levanzovsky"]
[Result "1-0"]
[WhiteElo "2617"]
[BlackElo "2417"]
[TimeControl "180+1"]
[EndTime "14:27:12 PDT"]
[Termination "NMJeevanK won by resignation"]

1. e4 e5 2. Nf3 Nc6 3. d4 exd4 4. Bc4 Nf6 5. e5 d5 6. Bb5 Ne4 7. Nxd4 Bc5 8. Nxc6 Bxf2+ 9. Kf1 bxc6 10. Bxc6+ Bd7 11. Qxd5 Bxc6 12. Qxc6+ Ke7 13. Qxe4 Qd1+ 14. Kxf2 Qxh1 15. Bg5+ f6 16. exf6+ Kf7 17. Qe7+ Kg6 18. fxg7 Rhe8 19. Qf6+ Kh5 20. Bd2 1-0

[Event "Late-Titled-Tuesday-Blitz-March-26-2024"]
[Site "Chess.com"]
[Date "2024.03.26"]
[Round "3"]
[White "Firouzja2003"]
[Black "BardArtem"]
[Result "1-0"]
[WhiteElo "3094"]
[BlackElo "2819"]
[TimeControl "180+1"]
[EndTime "14:27:15 PDT"]
[Termination "Firouzja2003 won by resignation"]

1. e4 d5 2. exd5 Qxd5 3. Nc3 Qe5+ 4. Be2 Bg4 5. d4 Bxe2 6. Ngxe2 Qa5 7. b4 Qxb4 8. Rb1 Qc4 9. Rxb7 e6 10. Bf4 Na6 11.
O-O Nf6 12. Be5 Bb4 13. Nb5 O-O-O 14. Rxa7 Qxb5 15. Qd3 Qxd3 16. cxd3 Nd7 17. Rxa6 Nxe5 18. dxe5 Bc5 19. d4 Bb6 20. Ra4 Kb7 21. Rc4 Rd5 22.
g3 Rhd8 23. Rb1 Kc8 24. Rxb6 1-0

[Event "Late-Titled-Tuesday-Blitz-March-26-2024"]
[Site "Chess.com"]
[Date "2024.03.26"]
[Round "3"]
[White "IriBu"]
[Black "titomagno_64"]
[Result "1-0"]
[WhiteElo "2567"]
[BlackElo "2310"]
[TimeControl "180+1"]
[EndTime "14:27:16 PDT"]
[Termination "IriBu won by resignation"]

1. e4 g6 2. Nf3 Nf6 3. Nc3 d5 4.
e5 Ne4 5. d4 c5 6. Bd3 Nxc3 7.
bxc3 Bg4 8. Bb5+ Nc6 9. O-O Bg7 10. h3 Bxf3 11. Qxf3 O-O 12. Bxc6 bxc6 13. Ba3 cxd4 14. cxd4 f6 15. Qe3 fxe5 16. dxe5 Rf5 17. f4 g5 18.
g3 gxf4 19. gxf4 Qd7 20. Kh2 Raf8 21. Bc5 Bxe5 22. Rg1+ Bg7 23. Bd4 R8f7 24. Be5 Kh8 25. Rxg7 Rxg7 26. Rg1 Rxe5 27. Qxe5 e6 28. Qb8+ 1-0

[Event "Late-Titled-Tuesday-Blitz-March-26-2024"]
[Site "Chess.com"]
[Date "2024.03.26"]
[Round "3"]
[White "PawnEatingZombie"]
[Black "UK_23"]
[Result "1-0"]
[WhiteElo "2187"]
[BlackElo "2383"]
[TimeControl "180+1"]
[EndTime "14:27:17 PDT"]
[Termination "PawnEatingZombie won by checkmate"]

1. e4 c5 2. c3 Nf6 3. e5 Nd5 4. Nf3 d6 5. Bc4 e6 6. d4 cxd4 7. cxd4 Nc6 8. O-O Be7 9. Qe2 O-O 10. Rd1 a6 11. Nc3 Nxc3 12. bxc3 dxe5 13. dxe5 Qa5 14.
Rb1 b5 15. Bd3 Bb7 16. Bg5 Bc5 17. Qe4 g6 18. Qh4 Rfc8 19. Bf6 Bf8 20. Ng5 h6 21. Nxe6 fxe6 22. Qg4 g5 23. Qxe6# 1-0

[Event "Late-Titled-Tuesday-Blitz-March-26-2024"]
[Site "Chess.com"]
[Date "2024.03.26"]
[Round "3"]
[White "YegoryoCh"]
[Black "lluiss"]
[Result "1-0"]
[WhiteElo "2547"]
[BlackElo "2230"]
[TimeControl "180+1"]
[EndTime "14:27:19 PDT"]
[Termination "YegoryoCh won on time"]

1. e4 c5 2. Nf3 d6 3. d4 cxd4 4. Nxd4 Nf6 5. Nc3 g6 6. Be3 Bg7 7. f3 O-O 8. Qd2 Nc6 9. O-O-O Nxd4 10. Bxd4 Be6 11. g4 Qc7 12. h4 Rfc8 13. h5 Qa5 14.
hxg6 hxg6 15. a3 Bc4 16. g5 Nh5 17. Bxg7 Nxg7 18. Bh3 Rc5 19. f4 b5 20. Bg4 Be6 21. Qh2 1-0

[Event "Late-Titled-Tuesday-Blitz-March-26-2024"]
[Site "Chess.com"]
[Date "2024.03.26"]
[Round "3"]
[White "1800_strength"]
[Black "DeArron_Fox"]
[Result "1-0"]
[WhiteElo "2797"]
[BlackElo "2506"]
[TimeControl "180+1"]
[EndTime "14:27:21 PDT"]
[Termination "1800_strength won by resignation"]

1. g4 d5 2. Bg2 c6 3. g5 e5 4. d4 e4 5. f3 exf3 6. Nxf3 Bd6 7. Nc3 Bg4 8. e4 dxe4 9. Nxe4 Ne7 10. O-O O-O 11. Qe1 Ng6 12. c3 Na6 13. h3 Bh5 14. Nh4 Nc7 15. Nf5 Ne8 16. Neg3 Nf4 17. Bxf4 Bxf4 18.
Nxh5 Bxg5 19. Qg3 g6 20. Nf4 gxf5 21. h4 h6 22. Nh3 f6 23. hxg5 fxg5 24. Rae1 Ng7 25.
Re5 Qf6 26. Rfe1 Qf7 27. d5 Rae8 28. dxc6 bxc6 29. Bxc6 Rxe5 30. Qxe5 Kh7 31. Qh2 f4 32. Nxg5+ 1-0

[Event "Late-Titled-Tuesday-Blitz-March-26-2024"]
[Site "Chess.com"]
[Date "2024.03.26"]
[Round "3"]
[White "egnfanclub"]
[Black "Aragon"]
[Result "1-0"]
[WhiteElo "2383"]
[BlackElo "2055"]
[TimeControl "180+1"]
[EndTime "14:27:30 PDT"]
[Termination "egnfanclub won by resignation"]

1. e4 c5 2. Nc3 Nc6 3. f4 a6 4. Nf3 b5 5. g3 b4 6. Ne2 Bb7 7. d3 Nf6 8. Bg2 d5 9. e5 Nd7 10. e6 fxe6 11. Ng5 Qa5 12. Nxe6 Nd8 13. Ng5 Nf6 14.
O-O Nf7 15. Ne6 Qb6 16. f5 Nd8 17. N2f4 g6 18. Nxd8 Rxd8 19. fxg6 c4+ 20. d4 Bh6 21. Nh5 Ne4 22. Bxh6 Qxg6 23. Be3 1-0

[Event "Late-Titled-Tuesday-Blitz-March-26-2024"]
[Site "Chess.com"]
[Date "2024.03.26"]
[Round "3"]
[White "AryanTari"]
[Black "Agibileg"]
[Result "1-0"]
[WhiteElo "3001"]
[BlackElo "2764"]
[TimeControl "180+1"]
[EndTime "14:27:31 PDT"]
[Termination "AryanTari won by resignation"]

1. e4 e5 2. Nf3 Nc6 3. d4 exd4 4. Nxd4 Nf6 5. Nxc6 bxc6 6. Nd2 d5 7. exd5 cxd5 8.
Bb5+ Bd7 9. Bxd7+ Qxd7 10. O-O Be7 11. b3 O-O 12. Bb2 a5 13. a4 c5 14. Qf3 Rfe8 15. Rad1 Rad8 16. Nc4 d4 17. Nxa5 Nd5 18. Nc4 Bf6 19.
Ba3 Qc7 20. Rde1 Nc3 21. g3 h6 22. Kg2 Rf8 23. Bc1 Rd5 24. Bxh6 Qc6 25. Bd2 g5 26. Bxc3 dxc3 27. Ne3 1-0

[Event "Late-Titled-Tuesday-Blitz-March-26-2024"]
[Site "Chess.com"]
[Date "2024.03.26"]
[Round "3"]
[White "cthake"]
[Black "DraningWaterHi"]
[Result "0-1"]
[WhiteElo "1760"]
[BlackElo "2314"]
[TimeControl "180+1"]
[EndTime "14:27:32 PDT"]
[Termination "DraningWaterHi won by resignation"]

1. e4 c5 2. Nf3 Nf6 3. Nc3 Nc6 4. e5 Ng8 5. Bc4 e6 6. O-O d5 7. exd6 Bxd6 8. d3 Nf6 9. Bg5 h6 10. Bh4 O-O 11. Re1 a6 12. a4 Be7 13. h3 Nd4 14. Nxd4 Qxd4 15. Bxf6 Bxf6 16. Re4 Qd6 17. a5 Bd7 18.
Re1 Bc6 19. Rb1 Qc7 20. Ra1 Rad8 21. Qg4 Rd4 22. Ne4 Bxe4 23. Rxe4 Rxe4 24. Qxe4 Bxb2 25. Rb1 Bf6 26. Rxb7 Qxa5 27. Kh2 Qc3 28. Qe2 a5 29. Rb5 a4 30. Rxc5 a3 31. Qd1 a2 32. Bxe6 Qxc5 33. Bxa2 Qxf2 0-1

[Event "Late-Titled-Tuesday-Blitz-March-26-2024"]
[Site "Chess.com"]
[Date "2024.03.26"]
[Round "3"]
[White "PepeCuenca"]
[Black "noblerone"]
[Result "1-0"]
[WhiteElo "2734"]
[BlackElo "2531"]
[TimeControl "180+1"]
[EndTime "14:27:33 PDT"]
[Termination "PepeCuenca won by resignation"]

1. d4 d5 2. Bf4 Nf6 3. e3 e6 4. Nf3 Bd6 5. Ne5 c5 6. Bb5+ Kf8 7. O-O Qc7 8. c4 a6 9. Ba4 dxc4 10. dxc5 Qxc5 11. Nd7+ Nbxd7 12. Bxd6+ Qxd6 13. Qxd6+ Kg8 14. Bxd7 Bxd7 15. Nc3 Bc6 16. Rfd1 h5 17. Qc5 Kh7 18. Qxc4 Rac8 19. Qf4 Rhe8 20. e4 e5 21. Qf5+ Kh6 22. h4 Re6 23. f3 g6 24.
Qg5+ Kg7 25. Rac1 Nh7 26. Qe3 Nf6 27. Nd5 1-0

[Event "Late-Titled-Tuesday-Blitz-March-26-2024"]
[Site "Chess.com"]
[Date "2024.03.26"]
[Round "3"]
[White "Jimonios"]
[Black "semchik73"]
[Result "1-0"]
[WhiteElo "2612"]
[BlackElo "2415"]
[TimeControl "180+1"]
[EndTime "14:27:37 PDT"]
[Termination "Jimonios won by checkmate"]

1. Nc3 d5 2. d4 c5 3. Bf4 cxd4 4. Qxd4 Nf6 5. e4 Nc6 6. Bb5 Nxe4 7. Nxe4 dxe4 8.
Qa4 Qb6 9. Be3 Qc7 10. O-O-O Bd7 11. Ne2 e5 12. Nc3 O-O-O 13. Bxa7 Nxa7 14. Qxa7 Bc5 15. Qa8+ Qb8 16. Bxd7+ Rxd7 17. Qxb8+ Kxb8 18. Rxd7 Bxf2 19. Nxe4 Be3+ 20. Kb1 f5 21. Nd6 g5 22. Rd1 f4 23. Rd5 b6 24. Rd3 Bc5 25. b4 Bxb4 26. Rb7+ Ka8 27. Rxb6 Bc5 28. Ra6+ Kb8 29. Rb3+ Kc7 30.
Rb7+ Kd8 31. Ra8# 1-0

[Event "Late-Titled-Tuesday-Blitz-March-26-2024"]
[Site "Chess.com"]
[Date "2024.03.26"]
[Round "3"]
[White "Brahianzevich"]
[Black "teresin05"]
[Result "1-0"]
[WhiteElo "2479"]
[BlackElo "2243"]
[TimeControl "180+1"]
[EndTime "14:27:37 PDT"]
[Termination "Brahianzevich won by resignation"]

1. e4 c5 2. Nc3 Nc6 3. Nf3 d6 4. d4 cxd4 5. Nxd4 Nf6 6. g3 e6 7. Bg2 Be7 8. O-O O-O 9. Nde2 e5 10. h3 Be6 11. a4 Qd7 12. Kh2 h6 13. b3 Nh7 14.
Nd5 f5 15. exf5 Bxf5 16. a5 Rac8 17. a6 b6 18. c4 Ng5 19. Bxg5 Bxg5 20. Ra2 Rf7 21.
f4 exf4 22. Nexf4 Rcf8 23. Rd2 Be6 24. Re1 Bf5 25. Ne3 Bxf4 26. gxf4 Rf6 27. Nxf5 Qxf5 28.
Bxc6 Qxf4+ 29. Kh1 Qg3 30. Bg2 Kh8 31. Rde2 Rg6 32.
Rf1 Rxf1+ 33. Qxf1 Qxb3 34. Re8+ Kh7 35. Be4 Qg3 36.
Bxg6+ Qxg6 37. Qe2 Qb1+ 38. Kg2 Qg6+ 39. Kh2 d5 40. cxd5 Qd6+ 41. Qe5 Qc5 42. Qe4+ g6 43.
Qe7+ 1-0

[Event "Late-Titled-Tuesday-Blitz-March-26-2024"]
[Site "Chess.com"]
[Date "2024.03.26"]
[Round "3"]
[White "1mbl4"]
[Black "stollenmonster"]
[Result "1-0"]
[WhiteElo "2620"]
[BlackElo "2864"]
[TimeControl "180+1"]
[EndTime "14:27:39 PDT"]
[Termination "1mbl4 won by resignation"]

1. b3 Nf6 2. Bb2 e6 3. e3 d5 4. Nf3 Be7 5. d4 O-O 6. Bd3 Ne4 7. a3 f5 8. Nbd2 c6 9. c4 Bd7 10. Ne5 Be8 11. O-O Nd7 12. Nxd7 Qxd7 13. f3 Nxd2 14. Qxd2 g5 15. e4 dxe4 16. fxe4 Bg6 17. exf5 exf5 18. Rae1 Rae8 19. d5 cxd5 20. cxd5 Bc5+ 21. Kh1 Rxe1 22. Rxe1 Re8 23. Rxe8+ Qxe8 24. Qc3 Qe7 25. d6 Bxd6 26.
Bc4+ 1-0

[Event "Late-Titled-Tuesday-Blitz-March-26-2024"]
[Site "Chess.com"]
[Date "2024.03.26"]
[Round "3"]
[White "Rikikits"]
[Black "Hikaru"]
[Result "0-1"]
[WhiteElo "2845"]
[BlackElo "3277"]
[TimeControl "180+1"]
[EndTime "14:27:46 PDT"]
[Termination "Hikaru won by resignation"]

1. d4 a6 2. e4 c6 3. Bd3 d5 4. e5 c5 5. c3 Nc6 6. Ne2 cxd4 7. cxd4 Bg4 8. Nbc3 e6 9. Be3 Nge7 10. h3 Bf5 11. g4 Bxd3 12. Qxd3 h5 13. O-O-O Rc8 14. Kb1 Na5 15. Ka1 Nec6 16. Nf4 hxg4 17. hxg4 Rxh1 18.
Rxh1 Nb4 19. Qe2 Nc4 20. Rh8 Kd7 21. Bc1 Qb6 22. a3 Nxa3 23. bxa3 Rxc3 24. Bb2 Nc2+ 0-1

[Event "Late-Titled-Tuesday-Blitz-March-26-2024"]
[Site "Chess.com"]
[Date "2024.03.26"]
[Round "3"]
[White "Vladimir_Zakhartsov"]
[Black "jstopa4"]
[Result "1-0"]
[WhiteElo "2990"]
[BlackElo "2740"]
[TimeControl "180+1"]
[EndTime "14:27:49 PDT"]
[Termination "Vladimir_Zakhartsov won by resignation"]

1. d4 Nf6 2. c4 g6 3. Nc3 d5 4. cxd5 Nxd5 5. e4 Nxc3 6. bxc3 Bg7 7. Bb5+ Nd7 8. Nf3 O-O 9. O-O a6 10. Be2 c5 11. Be3 Qa5 12. Rc1 Rd8 13. Qb3 e6 14. Rfd1 b5 15. dxc5 Bb7 16. Bg5 Bf6 17.
Rxd7 Bxg5 18. Rxf7 Bxc1 19. Qxe6 Qxc3 20. Rxb7+ Kh8 21.
Qe7 1-0

[Event "Late-Titled-Tuesday-Blitz-March-26-2024"]
[Site "Chess.com"]
[Date "2024.03.26"]
[Round "3"]
[White "wanyaland"]
[Black "TedBelanoff"]
[Result "1-0"]
[WhiteElo "2415"]
[BlackElo "2189"]
[TimeControl "180+1"]
[EndTime "14:27:53 PDT"]
[Termination "wanyaland won by resignation"]

1. d4 b5 2. e4 c6 3. Nf3 g6 4. h4 Bg7 5. h5 Nf6 6. Bd3 d5 7. h6 Bf8 8. e5 Ng8 9. Nc3 Nd7 10. e6 fxe6 11. Ng5 Ndf6 12. Ne2 Bxh6 13. Nxh7 Rxh7 14. Bxg6+ Kd7 15. Bxh7 Bxc1 16. Qxc1 Nxh7 17. Rxh7 Nf6 18. Rh1 Qb6 19. Qf4 Ba6 20. O-O-O Qa5 21. Kb1 b4 22. Nc1 Rg8 23. g3 Bc4 24. Rh4 Ne4 25.
Rh7 Re8 26. Nb3 Bxb3 27. axb3 Qa6 28. f3 Nf2 29. Re1 Qc8 30. Qe3 1-0

[Event "Late-Titled-Tuesday-Blitz-March-26-2024"]
[Site "Chess.com"]
[Date "2024.03.26"]
[Round "3"]
[White "Sanyura"]
[Black "BebeBonito2022"]
[Result "1-0"]
[WhiteElo "2578"]
[BlackElo "2295"]
[TimeControl "180+1"]
[EndTime "14:27:54 PDT"]
[Termination "Sanyura won by resignation"]

1. Nf3 Nc6 2. g3 e5 3. d3 d5 4. Nbd2 Be6 5. e4 d4 6. a3 f6 7. b4 Bd6 8. Nc4 Nge7 9. b5 Nb8 10. Nxd6+ cxd6 11. Bd2 Qb6 12. a4 Nd7 13. Bg2 O-O 14.
O-O Rfc8 15. Nh4 a6 16. bxa6 Rxa6 17. g4 Qc6 18. Rc1 Rxa4 19. g5 Ra2 20. gxf6 Nxf6 21.
Bg5 Rxc2 22. Rxc2 Qxc2 23. Qf3 Rf8 24. Bh3 Qb3 25. Kh1 d5 26. Bxe6+ 1-0

[Event "Late-Titled-Tuesday-Blitz-March-26-2024"]
[Site "Chess.com"]
[Date "2024.03.26"]
[Round "3"]
[White "sorch29"]
[Black "djano"]
[Result "0-1"]
[WhiteElo "2449"]
[BlackElo "2673"]
[TimeControl "180+1"]
[EndTime "14:27:56 PDT"]
[Termination "djano won on time"]

1. Nf3 c5 2. c4 g6 3. Nc3 Bg7 4. g3 Nc6 5. Bg2 Nf6 6. O-O O-O 7. d4 cxd4 8. Nxd4 Qa5 9. e3 d6 10. Nxc6 bxc6 11. Bxc6 Rb8 12. Bg2 Ba6 13. Nb5 Bxb5 14. cxb5 Qxb5 15. Rb1 Nd7 16. b3 Qa6 17. a4 Nc5 18.
Ba3 Rfc8 19. Bd5 e6 20. Bc4 Qb6 21. Qe2 Ne4 22. Qd3 d5 23. Ba6 Rc3 24. Qb5 Nd2 25. Qxb6 Rxb6 26. Bb5 Nxf1 0-1

[Event "Late-Titled-Tuesday-Blitz-March-26-2024"]
[Site "Chess.com"]
[Date "2024.03.26"]
[Round "3"]
[White "David_ATM"]
[Black "ozates"]
[Result "1-0"]
[WhiteElo "2387"]
[BlackElo "2574"]
[TimeControl "180+1"]
[EndTime "14:27:56 PDT"]
[Termination "David_ATM won by resignation"]

1. e4 c5 2. c3 d5 3. exd5 Nf6 4. d4 cxd4 5. Nf3 Nxd5 6. Nxd4 g6 7. Bb5+ Bd7 8. Bxd7+ Qxd7 9. O-O Bg7 10. Na3 O-O 11.
Re1 e6 12. Bg5 Nc6 13. Nxc6 Qxc6 14. Nc2 h6 15. Bd2 Rfd8 16. Qe2 Qb6 17. Rab1 Rac8 18. Red1 Qa5 19. c4 Qxa2 20. cxd5 Rxc2 21. dxe6 Qxe6 22. Qxe6 fxe6 23. Be3 Rxd1+ 24. Rxd1 Rxb2 25. Bxa7 Be5 26. g3 b5 27. Re1 Bf6 28. Rxe6 Kg7 29. Kg2 Ra2 30.
Be3 b4 31. Bxh6+ Kf7 32. Rb6 Rb2 33. Be3 b3 34. Rxf6+ 1-0

[Event "Late-Titled-Tuesday-Blitz-March-26-2024"]
[Site "Chess.com"]
[Date "2024.03.26"]
[Round "3"]
[White "jinxy2009"]
[Black "b_6"]
[Result "0-1"]
[WhiteElo "2257"]
[BlackElo "2497"]
[TimeControl "180+1"]
[EndTime "14:27:56 PDT"]
[Termination "b_6 won by resignation"]

1. c4 Nf6 2. Nf3 g6 3. g3 Bg7 4. Bg2 O-O 5. O-O d6 6. d4 Nbd7 7. Nc3 e5 8. dxe5 dxe5 9. b3 Re8 10. Bb2 c6 11. e3 Qe7 12. Qc2 Nf8 13. Rad1 Bf5 14. e4 Bg4 15. a3 Ne6 16. Ne2 Nc5 17.
h3 Bxf3 18. Bxf3 Rad8 19. b4 Ne6 20. Bg4 Ng5 21. f4 Nxg4 22. hxg4 exf4 23. Bxg7 Kxg7 24.
Rxf4 Rxd1+ 25. Qxd1 Nh3+ 26. Kh2 Nxf4 27. Nxf4 Qxe4 0-1

[Event "Late-Titled-Tuesday-Blitz-March-26-2024"]
[Site "Chess.com"]
[Date "2024.03.26"]
[Round "3"]
[White "Sacbutt"]
[Black "crazycheesecake"]
[Result "1-0"]
[WhiteElo "2319"]
[BlackElo "1754"]
[TimeControl "180+1"]
[EndTime "14:28:00 PDT"]
[Termination "Sacbutt won by checkmate"]

1. e4 e5 2. Nf3 Nc6 3. Bc4 Nf6 4. d3 Bc5 5. c3 a5 6. O-O d6 7. Bb3 Ba7 8. Nbd2 O-O 9. h3 h6 10.
Re1 Ne7 11. d4 Ng6 12. Nc4 Qe7 13. Nxa5 exd4 14. cxd4 Bxd4 15. Qxd4 Rxa5 16. Bd2 Rh5 17. Bc4 Re8 18. Bd3 Ne5 19. Nxe5 Rxe5 20. f3 d5 21. exd5 Nxd5 22. Rxe5 Qxe5 23. Qxe5 Rxe5 24. Re1 Rh5 25.
Re8# 1-0

[Event "Late-Titled-Tuesday-Blitz-March-26-2024"]
[Site "Chess.com"]
[Date "2024.03.26"]
[Round "3"]
[White "simaopdias"]
[Black "ImportedItalianMaple"]
[Result "0-1"]
[WhiteElo "2293"]
[BlackElo "2523"]
[TimeControl "180+1"]
[EndTime "14:28:01 PDT"]
[Termination "ImportedItalianMaple won by resignation"]

1. e4 g6 2. d4 Bg7 3. Nc3 d5 4. e5 f6 5. f4 Nh6 6. Be2 O-O 7. Nf3 Bg4 8. h3 Bxf3 9. Bxf3 e6 10. O-O Nf5 11. Ne2 c5 12. Kh2 Nc6 13. c3 Nh4 14. Bg4 Qe7 15. Ng3 fxe5 16. fxe5 Rxf1 17. Qxf1 cxd4 18.
cxd4 Nxd4 19. Qd3 Bxe5 20. Bf4 Bxf4 21. Qxd4 Bxg3+ 22. Kxg3 Nf5+ 23. Bxf5 gxf5 24. Re1 Qd6+ 25. Kf2 Kf7 26. Kg1 Qb6 27. Qxb6 axb6 28. Rc1 Rxa2 29.
Rc7+ Kf6 30. Rxh7 Rxb2 31. Rxb7 d4 32. Kf1 e5 33. h4 e4 34. h5 Kg5 35. Rf7 d3 36. h6 e3 37. g3 Kxh6 38. Rxf5 Rb1+ 0-1

[Event "Late-Titled-Tuesday-Blitz-March-26-2024"]
[Site "Chess.com"]
[Date "2024.03.26"]
[Round "3"]
[White "MaiqMaster"]
[Black "Blackwhite017"]
[Result "1-0"]
[WhiteElo "2385"]
[BlackElo "2085"]
[TimeControl "180+1"]
[EndTime "14:28:02 PDT"]
[Termination "MaiqMaster won by resignation"]

1. e4 c5 2. Nc3 Nc6 3. Bb5 Nd4 4. Nf3 Nxb5 5. Nxb5 d5 6. exd5 a6 7. Nc3 Nf6 8. d4 Nxd5 9. O-O Nxc3 10. bxc3 Bg4 11. h3 Bh5 12. Re1 e6 13. g4 Bg6 14. d5 Be7 15.
dxe6 Qxd1 16. exf7+ Kxf7 17. Rxd1 Bxc2 18. Rd7 Ke6 19. Rxb7 Be4 20. Rb6+ Kd5 21. Nd2 Bd3 22. Nf1 Bf6 23. Ne3+ Ke4 24. Re6+ Kf3 25. Ng2 1-0

[Event "Late-Titled-Tuesday-Blitz-March-26-2024"]
[Site "Chess.com"]
[Date "2024.03.26"]
[Round "3"]
[White "kacperkarwowski"]
[Black "GoltsevDmitry2000"]
[Result "0-1"]
[WhiteElo "2500"]
[BlackElo "2795"]
[TimeControl "180+1"]
[EndTime "14:28:05 PDT"]
[Termination "GoltsevDmitry2000 won by resignation"]

1. d4 e6 2. c4 d5 3. Nc3 dxc4 4.
e3 c5 5. Nf3 Nc6 6. Bxc4 Nf6 7.
O-O cxd4 8. exd4 Bd6 9. Bg5 h6 10. Bh4 O-O 11. Rc1 a6 12. d5 exd5 13. Nxd5 Ne5 14.
Nxf6+ gxf6 15. Nxe5 Bxe5 16. Qh5 Kg7 17. Rfd1 Qa5 18.
Rd5 Qb6 19. Rxe5 fxe5 20. Qxe5+ Kg8 21. Rc3 Qg6 22. Rg3 Bg4 23. h3 Rfe8 24. Rxg4 Qxg4 25.
Qxe8+ Rxe8 26. hxg4 Re4 27. Bd5 Rxg4 28. Bg3 Rb4 29. b3 b5 30. Be5 Rg4 31. f4 Rg3 32. Kf2 Rd3 33. Ke2 Rxd5 34. Ke3 f5 35. a4 bxa4 36.
bxa4 Kf7 37. Bc7 Kg6 38. a5 Kh5 39. Kf3 Rd3+ 40. Ke2 Rc3 41. Bb6 Kg4 0-1